% Time on Ice - SACRAMENTO BANDITS
Lines # - Real PCT - Wanted PCT - Time Play
Normal Forward
1 - 36% - 36% - 18:33
2 - 28% - 31% - 14:25
3 - 24% - 23% - 12:23
4 - 11% - 10% - 5:51
Normal Defense
1 - 33% - 36% - 16:50
2 - 32% - 31% - 16:19
3 - 31% - 23% - 16:05
4 - 4% - 10% - 1:58
PP Forward
1 - 55% - 55% - 1:06
2 - 45% - 45% - 0:53
PP Defense
1 - 58% - 55% - 1:09
2 - 42% - 45% - 0:50
PK Forward
1 - 61% - 55% - 3:36
2 - 39% - 45% - 2:21
PK Defense
1 - 53% - 55% - 3:09
2 - 47% - 45% - 2:48
PK3 Forward
1 - 0% - 55%
2 - 0% - 45%
PK3 Defense
1 - 0% - 55%
2 - 0% - 45%
44 Forward
1 - 0% - 55%
2 - 0% - 45%
44 Defense
1 - 0% - 55%
2 - 0% - 45%
Last Minute Offensive  - 0:52
Last Minute Defensive  - 0:00
Total
Forward - 60:00
Defense - 60:00
% Time on Ice - PORTLAND PIRATES
Lines # - Real PCT - Wanted PCT - Time Play
Normal Forward
1 - 35% - 33% - 17:40
2 - 33% - 33% - 16:42
3 - 22% - 22% - 11:21
4 - 10% - 12% - 5:21
Normal Defense
1 - 34% - 34% - 17:15
2 - 35% - 34% - 17:54
3 - 22% - 22% - 11:12
4 - 9% - 10% - 4:43
PP Forward
1 - 66% - 60% - 3:56
2 - 34% - 40% - 2:01
PP Defense
1 - 56% - 60% - 3:21
2 - 44% - 40% - 2:36
PK Forward
1 - 59% - 60% - 1:10
2 - 41% - 40% - 0:49
PK Defense
1 - 61% - 60% - 1:13
2 - 39% - 40% - 0:46
PK3 Forward
1 - 0% - 55%
2 - 0% - 45%
PK3 Defense
1 - 0% - 55%
2 - 0% - 45%
44 Forward
1 - 0% - 55%
2 - 0% - 45%
44 Defense
1 - 0% - 55%
2 - 0% - 45%
Last Minute Offensive  - 0:00
Last Minute Defensive  - 1:00
Total
Forward - 60:00
Defense - 60:00
Play-by-Play 1st period 0:01 of 1st period - Mika Zibanejad wins face-off versus Patrick Kane in neutral zone. 0:04 of 1st period - Shot by Travis Konecny. 0:04 of 1st period - Shot Misses the Net. 1:30 of 1st period - Shot by Marcus Johansson. 1:30 of 1st period - Deflect By Mark Scheifele. 1:30 of 1st period - Shot Blocked by Travis Hamonic. 1:47 of 1st period - Icing by Mark Scheifele. 1:48 of 1st period - Sam Steel wins face-off versus Mark Scheifele in SACRAMENTO BANDITS zone. 2:13 of 1st period - Shot by William Carrier. 2:13 of 1st period - Shot Misses the Net. 2:43 of 1st period - Shot by Travis Konecny. 2:43 of 1st period - Stopped by Jaroslav Halak without a rebound. 2:44 of 1st period - Blake Wheeler wins face-off versus Chandler Stephenson in SACRAMENTO BANDITS zone. 3:14 of 1st period - Shot by Yanni Gourde. 3:14 of 1st period - Shot Misses the Net. 3:16 of 1st period - Shot by Yanni Gourde. 3:16 of 1st period - Stopped by Jaroslav Halak without a rebound. 3:17 of 1st period - Nico Hischier wins face-off versus Mika Zibanejad in SACRAMENTO BANDITS zone. 3:35 of 1st period - Shot by Mika Zibanejad. 3:35 of 1st period - Shot Hit the Post. 3:37 of 1st period - Shot by Travis Konecny. 3:37 of 1st period - Stopped by Jaroslav Halak without a rebound. 3:38 of 1st period - Michael McLeod wins face-off versus Mark Scheifele in SACRAMENTO BANDITS zone. 3:47 of 1st period - Shot by Michael McLeod. 3:47 of 1st period - Stopped by Jaroslav Halak without a rebound. 3:48 of 1st period - Eetu Luostarinen wins face-off versus Mika Zibanejad in SACRAMENTO BANDITS zone. 4:27 of 1st period - Shot by Mika Zibanejad. 4:27 of 1st period - Stopped by Jaroslav Halak without a rebound. 4:28 of 1st period - Michael McLeod wins face-off versus Nico Hischier in SACRAMENTO BANDITS zone. 4:29 of 1st period - Shot by William Carrier. 4:29 of 1st period - Shot Misses the Net. 4:36 of 1st period - Nico Hischier is hit by Nick Holden and loses puck. 4:49 of 1st period - Shot by Nathan Bastian. 4:49 of 1st period - Shot Misses the Net. 5:00 of 1st period - Minor Penalty to William Carrier for Holding. 5:01 of 1st period - Michael McLeod wins face-off versus Mark Scheifele in PORTLAND PIRATES zone. 5:14 of 1st period - Shot by Janis Moser. 5:14 of 1st period - Stopped by Martin Jones without a rebound. 5:15 of 1st period - Yanni Gourde wins face-off versus Nico Hischier in PORTLAND PIRATES zone. 5:15 of 1st period - Yanni Gourde is hit by Patrick Kane. 5:48 of 1st period - Icing by Nico Hischier. 5:49 of 1st period - Yanni Gourde wins face-off versus Nico Hischier in SACRAMENTO BANDITS zone. 6:04 of 1st period - Shot by David Perron. 6:04 of 1st period - Shot Blocked by Travis Hamonic. 6:06 of 1st period - Shot by Patrick Kane. 6:06 of 1st period - Shot Misses the Net. 6:08 of 1st period - Shot by Ryan McDonagh. 6:08 of 1st period - Stopped by Martin Jones without a rebound. 6:09 of 1st period - Michael McLeod wins face-off versus Mark Scheifele in PORTLAND PIRATES zone. 6:32 of 1st period - Shot by Mark Scheifele. 6:32 of 1st period - Stopped by Martin Jones without a rebound. 6:33 of 1st period - Nico Hischier wins face-off versus Yanni Gourde in PORTLAND PIRATES zone. 6:42 of 1st period - Shot by David Perron. 6:42 of 1st period - Shot Misses the Net. 6:44 of 1st period - Shot by Janis Moser. 6:44 of 1st period - Stopped by Martin Jones without a rebound. 6:45 of 1st period - Yanni Gourde wins face-off versus Mark Scheifele in PORTLAND PIRATES zone. 7:02 of 1st period - Shot by Mark Scheifele. 7:02 of 1st period - Shot Misses the Net. 7:08 of 1st period - Eetu Luostarinen is hit by Travis Konecny and loses puck. 7:14 of 1st period - Icing by Brendan Smith. 7:15 of 1st period - Chandler Stephenson wins face-off versus Eetu Luostarinen in SACRAMENTO BANDITS zone. 7:15 of 1st period - Robert Thomas is hit by Dante Fabbro. 7:22 of 1st period - Yanni Gourde is hit by Dante Fabbro and loses puck. 8:23 of 1st period - Minor Penalty to Alex Chiasson for Hooking. 8:24 of 1st period - Mika Zibanejad wins face-off versus Marcus Johansson in SACRAMENTO BANDITS zone. 8:55 of 1st period - Shot by Robert Thomas. 8:55 of 1st period - Deflect By Mika Zibanejad. 8:55 of 1st period - Shot Misses the Net. 8:57 of 1st period - Shot by Travis Hamonic. 8:57 of 1st period - Stopped by Jaroslav Halak without a rebound. 8:58 of 1st period - David Perron wins face-off versus Chandler Stephenson in SACRAMENTO BANDITS zone. 9:33 of 1st period - Marc-Edouard Vlasic is hit by Yanni Gourde. 9:48 of 1st period - Off-side. 9:49 of 1st period - Mika Zibanejad wins face-off versus Patrick Kane in neutral zone. 10:24 of 1st period - Travis Konecny is hit by Brendan Smith and loses puck. 10:34 of 1st period - Icing by Dante Fabbro. 10:35 of 1st period - Michael McLeod wins face-off versus Blake Wheeler in SACRAMENTO BANDITS zone. 11:34 of 1st period - Shot by Travis Konecny. 11:34 of 1st period - Deflect By Mika Zibanejad. 11:34 of 1st period - Stopped by Jaroslav Halak without a rebound. 11:35 of 1st period - Mark Scheifele wins face-off versus Chandler Stephenson in SACRAMENTO BANDITS zone. 11:35 of 1st period - Ryan McDonagh is hit by Robert Thomas and loses puck. 12:25 of 1st period - Icing by Ryan McDonagh. 12:26 of 1st period - Sam Steel wins face-off versus Mark Scheifele in SACRAMENTO BANDITS zone. 12:56 of 1st period - Shot by Sam Steel. 12:56 of 1st period - Shot Misses the Net. 13:34 of 1st period - Shot by Mika Zibanejad. 13:34 of 1st period - Shot Blocked by Brendan Smith. 13:41 of 1st period - Travis Konecny is hit by Brendan Smith and loses puck. 14:16 of 1st period - Shot by Chandler Stephenson. 14:16 of 1st period - Stopped by Jaroslav Halak without a rebound. 14:17 of 1st period - Mark Scheifele wins face-off versus Yanni Gourde in SACRAMENTO BANDITS zone. 14:17 of 1st period - Mark Scheifele is hit by Robert